 Dungeon Crawl Stone Soup version 0.31-a0-1499-ge0622b2318 (webtiles) character file.

Game seed: 16125185341486645467

30594 DApurpleWHUMPUS the Fighter (level 13, -9/142 HPs)
             Began as a Red Draconian Shapeshifter on Dec 29, 2023.
             Mangled by a catoblepas (13 damage)
             ... while petrified by a catoblepas
             ... on level 5 of the Lair of Beasts.
             The game lasted 00:36:33 (22510 turns).

DApurpleWHUMPUS the Fighter (DrSh)                 Turns: 22510, Time: 00:36:33

Health: -9/142     AC:  9    Str: 27    XL:     13   Next: 21%
Magic:  13/13      EV:  1    Int: 13    God:
Gold:   942        SH:  0    Dex: 14    Spells: 12/12 levels left

rFire   . .          .
                       - Unarmed
rCold   . . .        (shield currently unavailable)
rNeg    + + +        (body armour unavailable)
rPois   ∞            (helmet currently unavailable)
rElec   .            t - melded scarf {shadows}
rCorr   .            (gloves currently unavailable)
SInv    .            C - melded +0 pair of boots
Will    .....        M - amulet of reflection
Stlth   +            H - +6 ring of strength
HPRegen 0.43/turn    o - +5 ring of evasion
MPRegen 0.13/turn

%: reflection
@: snake-form, petrified
A: constrict, boosted hp, (breathe fire), AC +8, large, unfitting armour, (fire
resistance 1), (cold-blooded), screaming 1, MP-powered wands
a: Begin Untransformation


You were on level 5 of the Lair of Beasts.
You were an enormous serpent.
You visited 2 branches of the dungeon, and saw 16 of its levels.

You collected 942 gold pieces.

Inventory:

Hand Weapons
 u - a +0 dagger of venom
Armour
 d - a +0 cloak
 q - a scarf of harm
 t - a scarf of shadows (melded)
 C - a +0 pair of boots (melded)
 T - a scarf of resistance
Jewellery
 g - a ring of wizardry
 h - a +4 ring of protection
 j - a ring of flight
 o - a +5 ring of evasion (right hand)
 y - an amulet of the acrobat
 H - a +6 ring of strength (left hand)
 L - an amulet of faith
 M - an amulet of reflection (around neck)
 O - a +6 ring of strength
Talismans
 b - a beast talisman
 c - a flux talisman
 s - a serpent talisman (active)
Wands
 e - a wand of paralysis (19)
 k - a wand of mindburst (7)
 x - a wand of flame (44)
 A - a wand of roots (16)
 K - a wand of polymorph (10)
Scrolls
 f - 3 scrolls of teleportation
 m - 4 scrolls of noise
 n - 12 scrolls of identify
 p - 4 scrolls of amnesia
 r - 2 scrolls of vulnerability {unknown}
 z - 2 scrolls of brand weapon {unknown}
 B - a scroll of butterflies
 D - a scroll of enchant weapon {unknown}
 E - 4 scrolls of fog {unknown}
 N - a scroll of immolation {unknown}
Potions
 a - 3 potions of lignification
 i - a potion of degeneration
 l - 3 potions of brilliance
 v - a potion of attraction
 w - 3 potions of ambrosia
 F - 2 potions of enlightenment
 G - 4 potions of curing
 I - a potion of cancellation
 J - a potion of invisibility
 Q - a potion of mutation
 S - 2 potions of heal wounds


   Skills:
 + Level 12.5 Fighting
 + Level 10.7 Dodging
 + Level 11.9 Unarmed Combat
 + Level 11.0 Shapeshifting


You had 12 spell levels left.
You didn't know any spells.
Your spell library contained the following spells:

 Spells                   Type           Power      Damage    Failure   Level
 Freeze                   Ice            0%         1d3       30%         1
 Magic Dart               Conj           0%         1d3       30%         1
 Summon Small Mammal      Summ           0%         N/A       30%         1
 Blink                    Tloc           0%         N/A       43%         2
 Call Imp                 Summ           0%         N/A       43%         2
 Ensorcelled Hibernation  Hex/Ice        0%         N/A       43%         2
 Call Canine Familiar     Summ           0%         N/A       67%         3
 Frozen Ramparts          Ice            0%         1d1       67%         3
 Fugue of the Fallen      Necr           0%         N/A       67%         3
 Hailstorm                Conj/Ice       0%         3d5       67%         3
 Passwall                 Erth           0%         N/A       67%         3
 Swiftness                Air            0%         N/A       67%         3
 Anguish                  Hex/Necr       0%         N/A       97%         4
 Ignite Poison            Fire/Alch      0%         N/A       97%         4
 Sticky Flame             Fire/Alch      0%         2d4       97%         4
 Summon Blazeheart Golem  Fire/Summ      0%         N/A       97%         4
 Ignition                 Fire           0%         3d3       100%        8


Dungeon Overview and Level Annotations

Branches:
Dungeon (11/15)            Temple (0/1) D:5            Lair (4/5) D:8
 Shoals (0/4) Lair:3       Spider (0/4) Lair:2        Slime (0/5) Lair:4
    Orc: D:9-12

Altars:
Ashenzari
Cheibriados
Elyvilon
Gozag
Kikubaaqudgha
Okawaru
Qazlal
Ru
Trog
Vehumet
Wu Jian
Xom
Jiyva

Annotations:
Lair:5 Snorg


Innate Abilities, Weirdness & Mutations

You are an enormous serpent.
You have a powerful constriction melee attack.
Your maximum health is increased.
Your armour is entirely melded.
You are incapable of wielding weapons or throwing items.
((You can breathe blasts of fire.))
((Your fiery red scales are hard. (AC +8)))
You cannot fit into any form of body armour.
((Your flesh is heat resistant. (rF+)))
((You are cold-blooded and may be slowed by cold attacks.))
You occasionally shout uncontrollably at your foes.
You expend magic power (3 MP) to strengthen your wands.


Message History

The eight-headed hydra is engulfed in calcifying dust.
The eight-headed hydra is moving more slowly.
The eight-headed hydra barely misses you.
The eight-headed hydra bites you but does no damage.
The eight-headed hydra bites you!
* * * LOW HITPOINT WARNING * * *
The eight-headed hydra bites you but does no damage.
The eight-headed hydra bites you.
* * * LOW HITPOINT WARNING * * *
The eight-headed hydra closely misses you.
The eight-headed hydra bites you!
* * * LOW HITPOINT WARNING * * *
The eight-headed hydra bites you!
* * * LOW HITPOINT WARNING * * *
The catoblepas breathes a plume of calcifying dust at you.
The blast of calcifying dust hits you.
* * * LOW HITPOINT WARNING * * *
As you read the scroll of fear, it crumbles to dust.
You assume a fearsome visage.
The eight-headed hydra looks frightened!
You are engulfed in calcifying dust.
You are slowing down.
The eight-headed hydra is engulfed in calcifying dust.
The eight-headed hydra stops moving altogether!
The eight-headed hydra is engulfed in calcifying dust.
The eight-headed hydra is engulfed in calcifying dust. x3
Your limbs are stiffening.
You are engulfed in calcifying dust.
A nearby plant withers and dies.
The water moccasin barely misses you. The catoblepas barely misses you.
You block the water moccasin's attack.
The eight-headed hydra is engulfed in calcifying dust. x2
The catoblepas breathes a plume of calcifying dust at you.
The blast of calcifying dust hits you.
* * * LOW HITPOINT WARNING * * *
You have turned to stone.
You are engulfed in calcifying dust.
The water moccasin bites you.
* * * LOW HITPOINT WARNING * * *
The eight-headed hydra is engulfed in calcifying dust.
The catoblepas gores you!!
You die...

.### ###. ... ..?#
..# # #...#
..#####~#
#....###...#..~P
##..##.##.§...~♣~
#...#P..Y......P~
#....P.DSS...... .
##.......§.}.... .
#..~.~§...§..... .
#.~~.~~~....~... .
#..#~~~#~~~##~~# #
#..~#PP~#~~~~# ~~
......~~~~~~~~~~ .
~
.#.#~~~~~~.~.~~~~~
~
###~~.#~~########
#


You could see a catoblepas, an eight-headed hydra (petrified, fleeing) and a
water moccasin.

Vanquished Creatures
  A centaur warrior (D:11)
  A boulder beetle (D:11)
  3 two-headed ogres
  Urug (Lair:3)
  A wolf spider (Lair:2)
  5 black mambas
  5 elephants (Lair:5)
  A cyclops (D:11)
  An unseen horror (D:11)
  4 komodo dragons
  7 cane toads
  Psyche (D:8)
  3 rime drakes
  A queen bee (D:10)
  A troll (D:11)
  A polar bear (Lair:1)
  8 blink frogs
  A wraith (D:11)
  6 wyverns
  7 basilisks
  A shadow (D:11)
  45 yaks
  A steam dragon (D:8)
  The ghost of liarliar the Apothecary, an amateur DsAl (D:4)
  Edmund (D:4)
  A redback (Lair:2)
  11 water moccasins
  2 acid dragons
  A sky beast (D:4)
  Duvessa (D:5)
  Pargi (D:3)
  2 orc warriors
  2 black bears
  An ice beast (D:7)
  4 ogres
  6 centaurs
  9 wolves
  A phantom (D:6)
  A kobold brigand (D:8)
  A gnoll sergeant (D:10)
  7 bullfrogs
  2 scorpions (D:6)
  A wight (D:9)
  Dowan (D:5)
  34 killer bees
  5 howler monkeys
  2 vampire bats (D:5)
  An electric eel (Lair:3)
  Crazy Yiuf (D:6)
  3 orc priests
  15 jellies
  4 hounds
  A gnoll bouda (D:4)
  2 sleepcaps
  Ijyb (D:4)
  4 iguanas
  7 orc wizards
  16 gnolls
  10 adders
  A ribbon worm (D:7)
  2 shadow imps
  3 white imps
  3 ufetubi
  A dart slug (D:1)
  28 orcs
  5 bats
  3 bat skeletons (D:5)
  2 bat zombies (D:5)
  6 endoplasms
  2 giant cockroaches
  4 goblins
  8 hobgoblins
  6 jackals
  2 quokkas (D:4)
  8 ball pythons
  A frilled lizard (D:1)
  11 kobolds
  6 rats
371 creatures vanquished.

Notes
Turn   | Place    | Note
-------+----------+-------------------------------------------
     0 | D:1      | DApurpleWHUMPUS the Draconian Shapeshifter began the quest
                  | for the Orb.
     0 | D:1      | Reached XP level 1. HP: 16/16 MP: 1/1
   133 | D:1      | Reached XP level 2. HP: 23/23 MP: 2/2
   517 | D:2      | Reached XP level 3. HP: 27/29 MP: 3/3
   633 | D:2      | Reached skill level 2 in Fighting
   923 | D:2      | Reached XP level 4. HP: 29/36 MP: 4/4
  1829 | D:2      | Found a bloodstained altar of Trog.
  2055 | D:3      | Found a white marble altar of Elyvilon.
  2157 | D:3      | Found a faded altar of an unknown god.
  2160 | D:3      | Reached XP level 5. HP: 42/42 MP: 5/5
  2642 | D:3      | Noticed Pargi
  2660 | D:3      | Killed Pargi
  2661 | D:3      | Reached skill level 3 in Fighting
  2823 | D:4      | Noticed an ogre
  2832 | D:4      | Killed an ogre
  2833 | D:4      | Reached XP level 6. HP: 51/51 MP: 6/6
  3178 | D:4      | Found a broken altar of Ashenzari.
  3209 | D:4      | Noticed a sky beast
  3234 | D:4      | Killed a sky beast
  3235 | D:4      | Reached skill level 4 in Fighting
  3235 | D:4      | Your scales start taking on a fiery red colour.
  3235 | D:4      | Reached XP level 7. HP: 16/59 MP: 7/7
  3235 | D:4      | Gained mutation: Your flesh is heat resistant. (rF+) [Red
                  | Draconian growth]
  3633 | D:4      | Found a runed translucent door.
  3634 | D:4      | Noticed liarliar's ghost (amateur DsAl)
  3662 | D:4      | Reached skill level 5 in Unarmed Combat
  3697 | D:4      | Killed liarliar's ghost
  3996 | D:4      | Noticed Ijyb
  3997 | D:4      | Paralysed by Ijyb for 5 turns
  4014 | D:4      | Killed Ijyb
  4015 | D:4      | Reached skill level 5 in Shapeshifting
  4098 | D:4      | Noticed Edmund
  4106 | D:4      | Killed Edmund
  4107 | D:4      | Reached skill level 5 in Fighting
  4280 | D:4      | Reached XP level 8. HP: 60/68 MP: 8/8
  4308 | D:5      | Entered Level 5 of the Dungeon
  4549 | D:5      | Found an ancient bone altar of Kikubaaqudgha.
  4658 | D:5      | Found a sacrificial altar of Ru.
  4710 | D:5      | Noticed Duvessa
  4712 | D:5      | Noticed Dowan
  4951 | D:6      | Reached skill level 5 in Dodging
  4961 | D:5      | Killed Dowan
  4971 | D:5      | Killed Duvessa
  5175 | D:5      | Found a staircase to the Ecumenical Temple.
  5373 | D:5      | Reached skill level 6 in Fighting
  5571 | D:6      | Found an iron altar of Okawaru.
  5865 | D:6      | Found a runed translucent door.
  5866 | D:6      | Noticed Crazy Yiuf
  5903 | D:6      | Reached XP level 9. HP: 77/77 MP: 9/9
  6204 | D:6      | Killed Crazy Yiuf
  6291 | D:7      | Found an opulent altar of Gozag.
  6291 | D:7      | Found a stormy altar of Qazlal.
  6291 | D:7      | Found an ornate altar of the Wu Jian Council.
  6307 | D:7      | Found a bloodstained altar of Trog.
  6771 | D:7      | Found a snail-covered altar of Cheibriados.
  7536 | D:8      | Noticed Psyche
  7553 | D:8      | Killed Psyche
  7554 | D:8      | Reached skill level 7 in Fighting
  8947 | D:8      | Reached XP level 10. HP: 88/88 MP: 10/10
  9340 | D:8      | Reached skill level 8 in Fighting
  9519 | D:8      | HP: 4/88 [komodo dragon (17)]
  9993 | D:8      | Found a staircase to the Lair.
 10657 | D:9      | Noticed a two-headed ogre
 10667 | D:9      | Killed a two-headed ogre
 11654 | D:9      | Reached skill level 9 in Fighting
 11853 | D:10     | Entered Level 10 of the Dungeon
 12278 | D:10     | Found a radiant altar of Vehumet.
 12399 | D:10     | Found a shimmering altar of Xom.
 12399 | D:10     | Found a shimmering altar of Xom.
 12401 | D:10     | Found a shimmering altar of Xom.
 12402 | D:10     | Found a shimmering altar of Xom.
 12452 | D:10     | Reached XP level 11. HP: 83/97 MP: 11/11
 12470 | D:10     | Gained mutation: You have large cloven feet. [potion of
                  | mutation]
 12470 | D:10     | Lost mutation: You have large cloven feet. [potion of
                  | mutation]
 12470 | D:10     | Gained mutation: You occasionally shout uncontrollably at
                  | your foes. [potion of mutation]
 12470 | D:10     | Gained mutation: You expend magic power (3 MP) to
                  | strengthen your wands. [potion of mutation]
 12887 | D:10     | Noticed a two-headed ogre
 12897 | D:10     | Killed a two-headed ogre
 14324 | D:11     | Reached skill level 10 in Fighting
 14479 | Lair:1   | Entered Level 1 of the Lair of Beasts
 15296 | Lair:1   | Reached skill level 10 in Unarmed Combat
 17031 | Lair:2   | Noticed a wolf spider
 17032 | Lair:2   | Found a hole to the Spider Nest.
 17045 | Lair:2   | Killed a wolf spider
 17046 | Lair:2   | Reached XP level 12. HP: 30/108 MP: 12/12
 17618 | Lair:2   | Reached skill level 11 in Fighting
 17642 | Lair:2   | HP: 5/110 [poisoned by a cane toad]
 19045 | D:11     | Noticed a two-headed ogre
 19054 | D:11     | Killed a two-headed ogre
 19055 | D:11     | Reached skill level 10 in Shapeshifting
 19077 | D:11     | Noticed a centaur warrior
 19097 | D:11     | Killed a centaur warrior
 19602 | D:11     | Noticed a boulder beetle
 19614 | D:11     | Killed a boulder beetle
 20080 | Lair:2   | Reached skill level 10 in Dodging
 20972 | Lair:3   | Reached skill level 12 in Fighting
 20977 | Lair:3   | Found a staircase to the Shoals.
 21221 | Lair:3   | Noticed Urug
 21243 | Lair:3   | Killed Urug
 21795 | Lair:4   | Found a staircase to the Slime Pits.
 21795 | Lair:4   | Found a viscous altar of Jiyva.
 21930 | Lair:4   | Reached XP level 13. HP: 111/118 MP: 13/13
 22179 | Lair:4   | You fall into a shaft and drop 1 floor!
 22179 | Lair:5   | Entered Level 5 of the Lair of Beasts
 22485 | Lair:5   | Noticed Snorg
 22506 | Lair:5   | HP: 6/142 [something/blast of calcifying dust (3)]
 22510 | Lair:5   | Mangled by a catoblepas

Illustrated notes

Levels and vault maps discovered:
D:1:      ebering_trefoil_twist, layout_basic
D:2:      layout_basic, basic_altar
D:3:      layout_loops_ring, lemuel_doored_altar,
          nicolae_ecumenical_snake_handling, uniq_pargi
D:4:      layout_loops_cross, mainiacjoe_overflow_cross_hatched,
          gammafunk_ghost_grave, kennysheep_generic_room_12, uniq_ijyb,
          uniq_edmund
D:5:      layout_rooms, kennysheep_vampire_church, marbit_many_paths,
          minmay_temple_entry_overgrown, chequers_serial_rivers_micro_a,
          st_stairs_1, due_unseen_surprise, uniq_duvessa
D:6:      layout_basic, overflow_temple_1_default, uniq_crazy_yiuf_cottage
D:7:      layout_loops_ring, slow_altar_1, nicolae_overflow_quartered_altars,
          minmay_misc_feat_plants, minivault_24, minmay_puff
D:8:      layout_layer_cave, erik_lair_dragon, uniq_psyche
D:9:      layout_basic, amcnicky_mini_pool_medium
D:10:     layout_cave_pods, nicolae_vehumet_radiance, xom_redecorated,
          special_room [special_room_bee], hangedman_abyss_or_decor_lesser_grid,
          nicolae_twisty_statue_hallways
D:11:     layout_roguey
Lair:1:   layout_cave_pods
Lair:2:   layout_roguey, spider_nest_entry_rubble
Lair:3:   layout_misc_corridors, elwin_shoals_entry_rocks, grunt_megastairs_3,
          lemuel_fruit_fields, serial_bayou_shore_b, uniq_urug
Lair:4:   layout_long_grid, minmay_slime_entry_jelly_boxes,
          gammafunk_ghost_grave, infiniplex_staircase_pool_2
Lair:5:   gammafunk_lair_ancient_temple, layout_loops_ring, minivault_19,
          minivault_27, serial_bayou_pond_e, serial_bayou_shore_b, uniq_snorg

Skill      XL: |  1  2  3  4  5  6  7  8  9 10 11 12 13 |
---------------+----------------------------------------+-----
Dodging        | 2 3 4 5 6 8 9 10 | 10.7
Fighting       | 2 3 4 5 6 7 9 10 12 | 12.5
Unarmed Combat | 4 5 6 7 9 10 11 | 11.9
Shapeshifting  | 4 5 6 7 8 9 10 11 | 11.0

Action                     |  1- 3 |  4- 6 |  7- 9 | 10-12 | 13-15 || total
---------------------------+-------+-------+-------+-------+-------++-------
  Melee: Unarmed           |    75 |   116 |   378 |   703 |    81 ||  1353
         Tailslap          |     6 |    19 |    57 |   101 |       ||   183
         Punch             |       |     4 |    19 |    38 |       ||    61
         Constrict         |       |       |     4 |    29 |    13 ||    46
Ability: Begin Untransform |       |     1 |     3 |     1 |       ||     5
         Breathe Fire      |       |       |       |    16 |       ||    16
  Evoke: Wand              |       |     3 |       |     1 |       ||     4
    Use: Potion            |     1 |     5 |     8 |    10 |     1 ||    25
         Scroll            |       |     6 |     3 |     4 |     3 ||    16
   Stab: Sleeping          |     1 |       |       |       |       ||     1
         Invisible         |       |       |     1 |       |       ||     1
 Armour: Skin              |    52 |    61 |   144 |   371 |    62 ||   690
  Dodge: Dodged            |    74 |    88 |   349 |   775 |    63 ||  1349
  Block: Other             |       |       |       |    47 |    22 ||    69
   Form: Beast             |       |     2 |     2 |       |       ||     4
         Serpent           |       |       |     1 |     1 |       ||     2

Table legend: (Time is in decaauts)
 A = Elapsed time spent in this place.
 B = Non-inter-level travel time spent in this place.
 C = Inter-level travel time spent in this place.
 D = Time resting spent in this place.
 E = Time spent auto-exploring this place.
 F = Levels seen in this place.
 G = Mean time per level.
                   A        B        C        D        E       F      G
               +--------+--------+--------+--------+--------+-----+--------+
         Total |  22284 |  20690 |   1594 |   7772 |   9613 |  16 | 1392.8 |
       Dungeon |  15656 |  14360 |   1296 |   4775 |   7035 |  11 | 1423.3 |
          Lair |   6627 |   6329 |    298 |   2996 |   2578 |   5 | 1325.4 |
               +--------+--------+--------+--------+--------+-----+--------+

Top non-repeatable levels by time:
  Lair:2: 2922 daAuts
    D:10: 2472 daAuts
     D:8: 2457 daAuts
  Lair:1: 2122 daAuts
     D:9: 1893 daAuts
     D:4: 1561 daAuts
     D:7: 1519 daAuts
     D:2: 1367 daAuts
    D:11: 1052 daAuts
     D:6: 984 daAuts
     D:5: 974 daAuts
  Lair:3: 875 daAuts
     D:3: 868 daAuts
     D:1: 504 daAuts
  Lair:4: 389 daAuts
